[Event "Championnat du monde jeunes U10"]
[Date "2024.11.25"]
[White "Andre, Tomas"]
[Black "Dayal, Samar"]
[WhiteElo "1928"]
[BlackElo "1818"]
[Round "10.13"]
[Result "0-1"]
[TimeControl "5400+30"]

1. e4 c5 2. Nf3 d6 3. d4 cxd4 4. Nxd4 Nf6 5. Nc3 g6 6. Be3 Bg7 7. f3 O-O 8. Qd2 Nc6 9. Bc4 Bd7 10. h4 h5 11. O-O-O Rc8 12. Bb3 Ne5 13. Kb1 Nc4 14. Bxc4 Rxc4 15. g4 hxg4 16. h5 Nxh5 17. Rdg1 Qc8 18. Nd5 Re8 19. fxg4 Bxg4 20. b3 Rc5 21. Rh4 e6 22. Bh6 exd5 23. Bxg7 Kxg7 24. Rxh5 Bxh5 25. Nf5+ Kf6 26.
Nxd6 Qc6 27. Nxe8+ Qxe8 28. Qd4+ Qe5 29. Qxc5 dxe4 30. Qf8 Qd5 31. Qh8+ Ke7 32. c4 Qd6 33. Re1 Bf3 34. Qh4+ Kd7 35. Kc1 Qd4 36. Qh3+ Ke7 37. Qh4+ Kf8 38. Qh6+ Ke8 39. Qe3 Qa1+ 40. Kc2 Qxa2+ 41. Kc3 Kf8 42. Qc5+ Kg8 43. Qe5 Qf2 44. Ra1 Qe3+ 45. Kb4 Qb6+ 46. Kc3 a6 47. Qb8+ Kg7 48. Qe5+ Kh7 49. c5 Qd8 50. Qd6 Qg5 51. Ra2 e3 52. Rh2+ Bh5 53. Rh1 e2 54. Kd4 0-1

[Variant "Standard"]
[Site "Europe Echecs"]

[Event "Championnat du monde jeunes U10"]
[Date "2024.11.25"]
[White "Ilko-Toth, Andras"]
[Black "Anetov, Amirzhan"]
[WhiteElo "2115"]
[BlackElo "1767"]
[Round "10.14"]
[Result "1-0"]
[TimeControl "5400+30"]

1. d4 d5 2. Nf3 Nf6 3. g3 c5 4. Bg2 cxd4 5. O-O h6 6. b3 Nbd7 7. Nxd4 e5 8. Nf3 Bc5 9. c4 dxc4 10. bxc4 O-O 11. Nc3 Qc7 12. Bb2 Re8 13. e4 b6 14. Qa4 Bb7 15. Nd5 Qc8 16. Nh4 Bd4 17. Bxd4 exd4 18. Nf5 Nxd5 19. cxd5 Bxd5 20. Qxd4 Re5 21. Qxe5 Nxe5 22. Ne7+ Kf8 23. Nxc8 Bc4 24. Nd6 Bxf1 25. Rxf1 Rd8 26. Nb5 a6 27. Nc3 Rd3 28. Nd5 b5 29. Rc1 g5 30. f4 gxf4 31. gxf4 Nd7 32. Rc7 Rd1+ 33. Kf2 Rd2+ 34. Kg3 Rd3+ 35. Bf3 f5 36. e5 Ke8 37. e6 Rxd5 38. Bxd5 Nf6 39. Bc6+ Kd8 40. Rf7 Ne4+ 41. Bxe4 fxe4 42. Rd7+ Ke8 43. f5 e3 44. f6 e2 45. f7+ Kf8 46. Rd8+ Ke7 47. f8=Q+ Kxe6 48. Rd6+ Ke5 49. Qf4# 1-0

[Variant "Standard"]
[Site "Europe Echecs"]

[Event "Championnat du monde jeunes U10"]
[Date "2024.11.25"]
[White "Zhang, Oscar Y"]
[Black "Deepak Ambattu, Rithvik"]
[WhiteElo "1817"]
[BlackElo "2063"]
[Round "10.15"]
[Result "0-1"]
[TimeControl "5400+30"]

1. e4 c5 2. Nf3 d6 3. d4 cxd4 4. Nxd4 Nf6 5. Nc3 a6 6. Bg5 e6 7. f4 Be7 8. Qf3 Qc7 9. O-O-O Nbd7 10. g4 b5 11. Bxf6 Nxf6 12. g5 Nd7 13. f5 O-O 14. Rg1 b4 15. Nce2 e5 16. Nb3 f6 17. gxf6 Nxf6 18. Ng3 Bb7 19. Nd2 d5 20. Nh5 Nxh5 21. Qxh5 Bc5 22. Rg3 Qf7 23. Qg4 Rad8 24. exd5 Bxd5 25. Bc4 Bxc4 26. Nxc4 Rxd1+ 27. Kxd1 Qd7+ 28. Rd3 Qxf5 29. Qxf5 Rxf5 30. Rd5 Bd4 31.
Rd8+ Rf8 32. Rd6 Rf1+ 33. Kd2 Rf2+ 34.
Kd3 Rxh2 35. Rxa6 h5 36. c3 bxc3 37. bxc3 Rh3+ 38. Ke4 Rxc3 39. Nxe5 Bxe5 40. Kxe5 Rf3 41. Ke4 Rf1 42. a4 Kh7 43. Rb6 Ra1 44. Rb4 Kh6 45. Kf3 g6 46. Kg3 Ra3+ 47. Kg2 Rc3 48. a5 Rc2+ 49. Kg3 Ra2 50. Rb5 Ra3+ 51. Kh2 h4 52. Kg2 g5 53. Kh2 Kh5 54. Kg2 h3+ 55. Kh2 Kh4 56. Rb8 Ra2+ 57. Kg1 g4 58. Rb4 h2+ 59. Kh1 Kh3 0-1

[Variant "Standard"]
[Site "Europe Echecs"]

[Event "Championnat du monde jeunes U10"]
[Date "2024.11.25"]
[White "Zhou, Guoyu"]
[Black "Larion, Iustin"]
[WhiteElo "1809"]
[BlackElo "1925"]
[Round "10.16"]
[Result "0-1"]
[TimeControl "5400+30"]

1. d4 Nf6 2. c4 e6 3. Nc3 Bb4 4. Bg5 c5 5. Nf3 h6 6. Bd2 cxd4 7. Nxd4 O-O 8. a3 Be7 9. e3 Nc6 10. Be2 d5 11. Nxc6 bxc6 12. O-O e5 13. Qc2 Be6 14. b3 Rc8 15. Rfd1 Qb6 16. Na4 Qb8 17. c5 Ne4 18. Bc1 f5 19. b4 Nf6 20. Nc3 Rcd8 21. Bf1 Qc7 22. Ne2 Ne4 23. Ng3 Nxg3 24. hxg3 Bf6 25. Bb2 f4 26. gxf4 exf4 27. Bxf6 Rxf6 28. exf4 Rxf4 29. g3 Rf6 30. Bg2 Rdf8 31. Rd2 h5 32. Qc3 h4 33. Re1 h3 34. Bh1 Bg4 35. Qd4 Qd7 36. Kh2 Qf5 37. f4 a6 38. Qe5 Qg6 39. Qe7 Qh6 40. Qe3 Re6 41. Qf2 Rfe8 42. Rxe6 Qxe6 43. Bf3 Bxf3 44. Qxf3 Qe1 45. Qf2 Qe4 46. Rd4 Qf5 47. Rd2 Qg4 48. a4 Rb8 49. Rb2 Qd1 50. a5 Re8 51. Rd2 Qg4 52. Qf1 Re3 53. Qxh3 Qg6 54. Qc8+ Re8 55. Qxa6 Qh5+ 56. Kg2 Re3 57. Qf1 Qg6 58. Qf2 Qe4+ 59. Kh2 Re1 60. g4 Qh1+ 61. Kg3 Rg1+ 62. Qxg1 Qxg1+ 63. Kf3 Qf1+ 64. Ke3 Qb1 65. Rd4 Kf7 66. g5 g6 67. Kd2 Qb3 68. a6 Qa2+ 69. Kc3 Qxa6 70. Kb3 Qa1 71. Rd2 Qb1+ 72. Ka4 Qc1 73. Rh2 Qa1+ 74. Kb3 Ke6 75. Rh7 d4 76. Rc7 Qa6 77. Rg7 Qd3+ 78. Ka4 Kd5 79. Rd7+ Kc4 80. Ka5 Qa3+ 0-1

[Variant "Standard"]
[Site "Europe Echecs"]

[Event "Championnat du monde jeunes U10"]
[Date "2024.11.25"]
[White "Cao, Frank Zhongtian"]
[Black "Mutyalapati, Modith Aaroh"]
[WhiteElo "1793"]
[BlackElo "1893"]
[Round "10.17"]
[Result "1-0"]
[TimeControl "5400+30"]

1. e4 e6 2. d4 d5 3. Nc3 Nf6 4. e5 Nfd7 5. f4 c5 6. Nf3 Nc6 7. Be3 a6 8. Ne2 Qb6 9. Qc1 Be7 10. c3 h6 11. h4 c4 12. h5 Qc7 13. g4 Nf8 14. Qc2 b5 15. a3 a5 16. f5 Nh7 17. Nf4 Nd8 18. fxe6 Bxe6 19. Rg1 Ng5 20. Nxg5 Bxg5 21. Qd2 Rb8 22. Nh3 Bxe3 23. Qxe3 b4 24. axb4 axb4 25. g5 bxc3 26. bxc3 Kd7 27. gxh6 gxh6 28. Nf4 Kc8 29. Bh3 Rb5 30. Bxe6+ fxe6 31. Rg6 Qe7 32. Qh3 Kb7 33. Nxe6 Nxe6 34. Rxe6 Qg5 35. Rg6 Qe7 36. Rga6 Kc7 37. Ra7+ Rb7 38. Rxb7+ Kxb7 39.
Qg2 Qh4+ 40. Kd2 Qg5+ 41. Qxg5 hxg5 42.
Rh1 Kc7 43. Ke3 Kd7 44. Kf3 Ke6 45. Kg4 Rh7 46. h6 Rf7 47. h7 Rxh7 48. Ra1 Rh4+ 49. Kxg5 Rh3 50. Ra6+ Ke7 51. Ra7+ Ke6 52. Ra6+ Ke7 53. Rd6 Rxc3 54. Rxd5 Rd3 55. Kf4 Ke6 56. Rd6+ Ke7 57. Ke4 Rd1 58. Rc6 Rc1 59. Rc5 Ke6 60. d5+ Kd7 61. e6+ Kd6 62. Rc6+ Ke7 63. Kd4 Rd1+ 64. Kxc4 Kf6 65. Kc5 Ra1 66. Kd6 Ra8 67. Kd7 Ra7+ 68. Rc7 Ra8 69. e7 Kf7 70. d6 1-0

[Variant "Standard"]
[Site "Europe Echecs"]

[Event "Championnat du monde jeunes U10"]
[Date "2024.11.25"]
[White "Mrozowski, Nikodem"]
[Black "Kadyr, Aldiyar"]
[WhiteElo "1874"]
[BlackElo "1759"]
[Round "10.18"]
[Result "0-1"]
[TimeControl "5400+30"]

1. e4 c5 2. Nf3 d6 3. d4 cxd4 4. Nxd4 Nf6 5. Nc3 a6 6. Bd3 g6 7. O-O Bg7 8. Re1 O-O 9. a4 Nc6 10. Nxc6 bxc6 11. a5 Qc7 12. Bf4 Rb8 13. b3 Ng4 14. Qd2 Qa7 15. Re2 Qd4 16. e5 dxe5 17. Ra4 Qa7 18. Bg3 f6 19. Be4 Bh6 20. Qd3 f5 21. Bxc6 f4 22. Bh4 g5 23. h3 Nf6 24. Bxg5 Bxg5 25. Rxe5 Bh6 26. Nd5 Nxd5 27. Bxd5+ e6 28. Bxe6+ Bxe6 29. Rxe6 Bg7 30. Rxa6 Qe7 31. Re4 Qg5 32. Ra7 Rfe8 33. Qc4+ Kh8 34. a6 f3 35. Rg4 Re1+ 36. Kh2 Qe5+ 37. g3 Rh1+ 38. Kxh1 Qe1+ 39. Kh2 Qxf2+ 40. Kh1 Qg2# 0-1

[Variant "Standard"]
[Site "Europe Echecs"]

[Event "Championnat du monde jeunes U10"]
[Date "2024.11.25"]
[White "Azimov, Yasin"]
[Black "Zabelin, Platon"]
[WhiteElo "1759"]
[BlackElo "1870"]
[Round "10.19"]
[Result "0-1"]
[TimeControl "5400+30"]

1. e4 c6 2. d4 d5 3. exd5 cxd5 4. Nf3 Nc6 5. Ne5 Nxe5 6. dxe5 e6 7. Bd3 Bc5 8. O-O Ne7 9. Nc3 a6 10. Re1 O-O 11. Bg5 Qc7 12. Qg4 Ng6 13. Bxg6 fxg6 14. Be3 Rf5 15. Bxc5 Qxc5 16. Re2 Bd7 17. Rd1 Raf8 18. Qd4 Qe7 19. g3 g5 20. Red2 Be8 21. Re1 Bh5 22. Qb6 Bf3 23. Qd6 Qf7 24. Rd4 Qh5 25. Qxe6+ Kh8 26. h4 Bg4 27. Nxd5 gxh4 28. Rf4 hxg3 29. fxg3 Qh3 0-1

[Variant "Standard"]
[Site "Europe Echecs"]

[Event "Championnat du monde jeunes U10"]
[Date "2024.11.25"]
[White "Gusev, Daniil Den"]
[Black "Vardanyan, Armen Art."]
[WhiteElo "1863"]
[BlackElo "1735"]
[Round "10.20"]
[Result "1/2-1/2"]
[TimeControl "5400+30"]

1. e4 e6 2. d4 d5 3. Bd3 dxe4 4. Bxe4 Nf6 5. Bf3 c5 6. Ne2 Be7 7. O-O O-O 8. Nbc3 Qa5 9. Qe1 Kh8 10. Be3 Nc6 11. g3 cxd4 12. Nxd4 Nxd4 13. Bxd4 Bd7 14. Nd5 Qxe1 15. Rfxe1 Nxd5 16. Bxd5 Bb4 17. Bxb7 Rab8 18. Bf3 Bxe1 19. Rxe1 Rfc8 20. Rc1 Bc6 21. Bxc6 Rxc6 22. c4 a5 23. Kf1 a4 24. a3 Kg8 25. c5 f6 26. Rc4 e5 27. Bc3 Ra8 28. Ke2 Kf7 29. Kd3 Ke6 30. Bb4 Rd8+ 31. Kc2 f5 32. b3 axb3+ 33. Kxb3 Rd3+ 34. Ka4 Rd4 35. Rc2 Kd7 36. Kb5 Kc7 37. Ba5+ Kb7 38. Bb6 Rd5 39. Kc4 Rd4+ 40. Kb5 Rd3 41. Kb4 Rd4+ 42. Ka5 Rd5 43. Rb2 Rc8 44. a4 Kc6 45. Kb4 Rb8 46. Ka3 Ra8 47. Ra2 Rd3+ 48. Kb4 Rd4+ 49. Kb3 Rd3+ 50. Kb4 Rd4+ 51. Kb3 Rd3+ 1/2-1/2

[Variant "Standard"]
[Site "Europe Echecs"]

[Event "Championnat du monde jeunes U10"]
[Date "2024.11.25"]
[White "Seo, Juwon"]
[Black "Akramov, Khasan"]
[WhiteElo "1721"]
[BlackElo "1835"]
[Round "10.21"]
[Result "1/2-1/2"]
[TimeControl "5400+30"]

1. e4 c5 2. Nf3 Nc6 3. d4 cxd4 4. Nxd4 g6 5. c4 Nf6 6. Nc3 Nxd4 7. Qxd4 d6 8. Be3 Bg7 9. f3 O-O 10. Qd2 a6 11. Rc1 Qa5 12. b3 Bd7 13. Nd5 Qxd2+ 14. Kxd2 Nxd5 15. cxd5 Rfc8 16. Be2 Bb2 17. Rc2 Ba3 18. Bd4 Rxc2+ 19. Kxc2 Rc8+ 20. Kb1 Kf8 21. g4 e5 22. dxe6 Bxe6 23. Bb2 Bc5 24. Rc1 Be3 25. Rxc8+ Bxc8 26. Bf6 Be6 27. Kc2 Bf4 28. h3 Ke8 29. Kd3 Kd7 30. Kc3 Kc6 31. Bc4 d5 32. exd5+ Bxd5 33. Bxd5+ Kxd5 34. Kd3 Bc1 35. Kc2 Be3 36. Kd3 Bf4 37. a3 Bc1 38. a4 Bf4 39. Bd4 Bc1 40. Bf6 Bf4 41. Bd4 Bg5 42. Bb2 Bf4 43. Bd4 Bd2 44. Bb2 Bb4 45. Bd4 Bd6 46. Bb2 Be5 47. Bc1 1/2-1/2

[Variant "Standard"]
[Site "Europe Echecs"]

[Event "Championnat du monde jeunes U10"]
[Date "2024.11.25"]
[White "Li, Weilong"]
[Black "Guirado Lara, Pablo"]
[WhiteElo "1735"]
[BlackElo "1832"]
[Round "10.22"]
[Result "1-0"]
[TimeControl "5400+30"]

1. e4 c5 2. Nf3 e6 3. d4 cxd4 4. Nxd4 Nf6 5. Nc3 Nc6 6. a3 Qc7 7. Be3 a6 8. f4 d6 9. Qf3 Bd7 10. O-O-O Nxd4 11. Rxd4 Bc6 12. g4 d5 13. e5 Nd7 14. b4 g5 15. Bg2 gxf4 16. Bxf4 Nxe5 17. Qg3 Bd6 18. Re1 f6 19. g5 Qf7 20. gxf6 Rg8 21. Qe3 Rxg2 22. Bxe5 O-O-O 23. Bxd6 Rxd6 24. Qe5 Qc7 25. Ne4 Rd7 26. Qxc7+ Kxc7 27. Nc5 Rf2 28.
Nxe6+ Kb6 29. Rf4 Rxf4 30. Nxf4 Rf7 31.
Re6 Kc7 32. Kd2 Kd7 33. Kd3 Bb5+ 34.
Kd4 Bc4 35. Ke5 Rf8 36. Re7+ Kc6 37.
Ne6 d4 38. Ke4 1-0

[Variant "Standard"]
[Site "Europe Echecs"]

[Event "Championnat du monde jeunes U10"]
[Date "2024.11.25"]
[White "Babeikin, Kiryl"]
[Black "Perez Solanas, Hugo"]
[WhiteElo "1721"]
[BlackElo "1824"]
[Round "10.23"]
[Result "1/2-1/2"]
[TimeControl "5400+30"]

1. e4 c5 2. Nf3 d6 3. d4 cxd4 4. Nxd4 Nf6 5. Nc3 g6 6. Be2 Bg7 7. O-O O-O 8. Re1 Nc6 9. Nb3 a6 10. Bf1 Bg4 11. f3 Be6 12. Be3 b5 13. a4 b4 14. Nd5 Bxd5 15. exd5 Ne5 16. a5 Qc7 17. Qd2 Qb7 18. Red1 Rac8 19. Ra4 Nc4 20. Rxb4 Nxd2 21. Rxb7 Nxf1 22. Kxf1 Rxc2 23. Nd4 Rc4 24.
Nc6 Nxd5 25. Nxe7+ Nxe7 26. Rxe7 Bxb2 27. Ra7 Re8 28. Bb6 Rc2 29. Re1 Rxe1+ 30. Kxe1 Rxg2 31. Rxa6 Bc3+ 32. Kf1 Rb2 33. Ra8+ Kg7 34. Rc8 Be5 35. Rc6 Ra2 36. Bc7 Bxh2 37. a6 d5 38. Bb6 Bb8 39. Bd4+ Kh6 40. Rc8 Rxa6 41. Rxb8 Kg5 42. Rb7 Ra4 43. Bf2 Kf6 44. Kg2 h5 45. Bb6 Ke6 46. Bd8 Ra8 47. Bh4 Rf8 48. Re7+ Kf5 49. Bg3 f6 50. Rd7 g5 51. Rxd5+ Kg6 52. Rd6 h4 53. Be5 Kf5 54. Bc3 Rf7 55. Rc6 Rf8 56. Ra6 Rf7 57. Rc6 Rf8 58. Rc5+ Kg6 59. Kh3 f5 60. Rc7 Re8 61. Rg7+ Kh5 62. Rh7+ 1/2-1/2

[Variant "Standard"]
[Site "Europe Echecs"]

[Event "Championnat du monde jeunes U10"]
[Date "2024.11.25"]
[White "Ejsymont, Eryk"]
[Black "Qian, Qipeng"]
[WhiteElo "1910"]
[BlackElo "1641"]
[Round "10.24"]
[Result "0-1"]
[TimeControl "5400+30"]

1. e4 e6 2. d4 d5 3. Nd2 c5 4. exd5 Qxd5 5. Ngf3 cxd4 6. Bc4 Qd6 7. O-O Nf6 8. Nb3 Nc6 9. Nbxd4 Nxd4 10. Nxd4 a6 11. a4 Qc7 12. Qe2 Bd6 13. h3 O-O 14. Bg5 Bh2+ 15. Kh1 Be5 16. Rad1 h6 17. Bh4 g5 18. Bg3 Bf4 19. Bxf4 Qxf4 20. g3 Qe4+ 21. Qxe4 Nxe4 22. a5 e5 23. Nf3 Bxh3 24. Bd5 Bxf1 25. Bxe4 Be2 26. Rd7 Bxf3+ 27. Bxf3 Rad8 28. Rxb7 Rd2 29. Kg2 f5 30. Bc6 e4 31. Kg1 Rxc2 32. Bd5+ Kh8 33. Be6 Rf6 34. Rb8+ Kg7 35. Rb7+ Kg6 36. Bd7 Rc1+ 37. Kg2 Rd6 38. Be8+ Kf6 39. Rf7+ Ke6 40. Rh7 Rdd1 41. Bf7+ Kf6 42. Rxh6+ Kxf7 43. Rh2 g4 44. Rh7+ Kg6 45. Rh1 Rxh1 46. f3 e3 47. fxg4 fxg4 0-1

[Variant "Standard"]
[Site "Europe Echecs"]

[Event "Championnat du monde jeunes U10"]
[Date "2024.11.25"]
[White "Ivanovic, Leonid"]
[Black "Todmunkh, Turbat"]
[WhiteElo "1990"]
[BlackElo "1773"]
[Round "10.25"]
[Result "0-1"]
[TimeControl "5400+30"]

1. d4 Nf6 2. c4 c5 3. d5 b5 4. cxb5 a6 5. b6 e6 6. Nc3 Bb7 7. e4 exd5 8. exd5 d6 9. Bc4 Be7 10. a4 Qxb6 11. a5 Qd8 12. Nge2 O-O 13. O-O Nbd7 14. Ng3 Re8 15. b3 Bf8 16. f4 Qc7 17. Bb2 Rab8 18. Qd3 Ra8 19. Nce4 Nxe4 20. Nxe4 h6 21. Rfe1 Re7 22. Re2 Rae8 23. Ng3 Rxe2 24. Nxe2 Be7 25. Bxa6 Bxa6 26. Qxa6 Bf6 27. Bxf6 Nxf6 28. Nc3 Re3 29. Qc4 Qe7 30. Kf1 Ng4 31. Ne2 Qh4 32. Ng3 Qxh2 33. a6 Qxg3 34. Qc2 Qh2 35. a7 Qh1# 0-1

[Variant "Standard"]
[Site "Europe Echecs"]

[Event "Championnat du monde jeunes U10"]
[Date "2024.11.25"]
[White "Tenuun, Tseesuren"]
[Black "Meitzner, Jonathan Franz"]
[WhiteElo "1702"]
[BlackElo "1876"]
[Round "10.26"]
[Result "1/2-1/2"]
[TimeControl "5400+30"]

1. d4 Nf6 2. c4 e6 3. Nf3 d5 4. Nc3 Be7 5. Bg5 O-O 6. e3 Nbd7 7. Rc1 c6 8. Bd3 Ne8 9. Bxe7 Qxe7 10. O-O f5 11. Ne5 Nd6 12. Ne2 Ne4 13. f3 Nxe5 14. dxe5 Nc5 15. Bb1 b6 16. Nd4 Bb7 17. b4 Nd7 18. cxd5 cxd5 19. Rc7 Bc8 20. Qb3 Kh8 21. Rfc1 Ba6 22. b5 Bc8 23. R1c6 Qh4 24. g3 Qh5 25. Qc3 Nc5 26. Nb3 Qxf3 27. Nxc5 bxc5 28. Qxc5 Qd1+ 29. Kf2 Qd2+ 30. Kf1 Qd1+ 31. Kg2 Qe2+ 1/2-1/2

[Variant "Standard"]
[Site "Europe Echecs"]

[Event "Championnat du monde jeunes U10"]
[Date "2024.11.25"]
[White "Mikkelsen, Anders Askjaer"]
[Black "Wang, Rocky"]
[WhiteElo "1745"]
[BlackElo "1853"]
[Round "10.27"]
[Result "0-1"]
[TimeControl "5400+30"]

1. e4 c5 2. Nf3 Nc6 3. d4 cxd4 4. Nxd4 Nf6 5. Nc3 e5 6. Ndb5 d6 7. Bg5 a6 8. Na3 b5 9. Bxf6 gxf6 10. Nd5 Bg7 11. Bd3 Ne7 12. Nxe7 Qxe7 13. c4 f5 14. O-O O-O 15. Re1 Rb8 16. Qh5 fxe4 17. Rxe4 f5 18. Rh4 Bf6 19. Rh3 e4 20. Re1 Qf7 21. Rg3+ Kh8 22. Qxf7 Rxf7 23. cxb5 f4 24. Bc4 fxg3 25. Bxf7 gxf2+ 26. Kxf2 Bxb2 27. Nc4 Bd4+ 28. Kg3 Rxb5 29. Rxe4 Rg5+ 30. Kh4 Bf6 31.
Nxd6 Rxg2+ 0-1

[Variant "Standard"]
[Site "Europe Echecs"]

[Event "Championnat du monde jeunes U10"]
[Date "2024.11.25"]
[White "Nikitakis, Michail"]
[Black "Nguyen Minh"]
[WhiteElo "1818"]
[BlackElo "1760"]
[Round "10.28"]
[Result "1-0"]
[TimeControl "5400+30"]

1. e4 c5 2. Nf3 Nf6 3. e5 Nd5 4. Nc3 e6 5. Ne4 f5 6. Nc3 Ne7 7. Nb5 Ng6 8. b3 a6 9. Nd6+ Bxd6 10. exd6 Qf6 11. d4 h6 12. h4 cxd4 13. Qxd4 e5 14. Qc5 Nc6 15. Bb2 b6 16. Qe3 h5 17. O-O-O O-O 18. Bc4+ Kh8 19. Qg5 Nf4 20. g3 b5 21. gxf4 bxc4 22. Qxh5+ Kg8 23. fxe5 Qe6 24. Rhg1 Qe8 25. Rxg7+ Kxg7 26. Rg1+ 1-0

[Variant "Standard"]
[Site "Europe Echecs"]

[Event "Championnat du monde jeunes U10"]
[Date "2024.11.25"]
[White "Jani, Aakash"]
[Black "Yevsieiev, Yaroslav"]
[WhiteElo "1810"]
[BlackElo "1706"]
[Round "10.29"]
[Result "1/2-1/2"]
[TimeControl "5400+30"]

1. e4 e5 2. Nf3 Nc6 3. Nc3 Nf6 4. a3 Bc5 5. Nxe5 Nxe5 6. d4 Bd6 7. f4 Nc6 8. e5 O-O 9. Be2 Be7 10. exf6 Bxf6 11. d5 Nd4 12. O-O Nxe2+ 13. Nxe2 d6 14. h3 Re8 15. c4 c6 16. Ng3 cxd5 17. Qxd5 Qb6+ 18. Kh2 Be6 19. Qd3 Rec8 20. Ne4 Bd4 21. Rd1 Rxc4 22. Ng5 Rac8 23. Qxh7+ Kf8 24. f5 Be5+ 25. Kh1 Bd5 26. Qh5 Rd4 27. Re1 Qc6 28. Be3 Bxg2+ 29. Kg1 Bd5 30. Bf2 Qc2 31. Qh8+ Ke7 32. Qxg7 Kd7 33. Rxe5 dxe5 34. Re1 Rd1 35. Nxf7 Rxe1+ 36. Bxe1 Qxf5 37.
Nxe5+ Ke6 38. Ng4 Rf8 39. Qh6+ Kd7 40.
Qd2 Kc8 41. Bf2 Qe4 42. Qc3+ Bc6 43.
Kf1 Qg2+ 44. Ke2 Re8+ 45. Kd2 Qf1 46.
Kc2 Re2+ 47. Kb3 Rxf2 48. Nxf2 Qxf2 49.
Ka2 Kd7 50. Qg7+ Kd6 51. Qg6+ Kc7 52.
Qg7+ Kb6 53. Qe5 Qc5 54. Qxc5+ Kxc5 55.
Kb3 Bf3 56. Kc3 b5 57. b4+ Kd5 58. a4 bxa4 59. Kb2 Kc4 60. Ka1 Kxb4 61. Kb1 1/2-1/2

[Variant "Standard"]
[Site "Europe Echecs"]

[Event "Championnat du monde jeunes U10"]
[Date "2024.11.25"]
[White "Ramesan, Raunak Amit"]
[Black "Kazimzade, Mahammad"]
[WhiteElo "1802"]
[BlackElo "1687"]
[Round "10.30"]
[Result "1/2-1/2"]
[TimeControl "5400+30"]

1. e4 e5 2. Nf3 Nc6 3. Bc4 Nf6 4. d3 Bc5 5. c3 d6 6. O-O a6 7. a4 O-O 8. Re1 Bb6 9. h3 h6 10. Nbd2 Ne7 11. a5 Ba7 12. Nf1 Ng6 13. b4 Re8 14. Ng3 c6 15. Bb3 Qc7 16. d4 Bd7 17. Qc2 d5 18. exd5 cxd5 19. dxe5 Nxe5 20. Rxe5 Rxe5 21. Nxe5 Qxe5 22. Nf1 Ne4 23. Be3 Bxe3 24. Nxe3 Nxc3 25. Kh1 Rc8 26. Qb2 d4 27. Nc4 Qf4 28. Nb6 Rd8 29. Nxd7 Rxd7 30. Re1 Ne4 31. Qc2 Re7 32. Kg1 d3 33. Qc8+ Kh7 34. f3 Nd6 35. Qc3 Rxe1+ 36. Qxe1 Qd4+ 37. Kh2 Nf5 38. Qe8 Qf4+ 39. Kg1 Nd4 40. Bxf7 Qxf7 41. Qxf7 d2 42. Qxb7 d1=Q+ 43. Kh2 Qe2 44. Qd5 Qe3 45. Qc4 Qe5+ 46. Kh1 Nf5 47. Qd3 g6 48. Qxa6 Ng3+ 49. Kg1 h5 50. Qa7+ Kh6 51. Qc5 Qe1+ 52. Kh2 Nf1+ 53. Kg1 Ne3+ 54. Kh2 Nf1+ 55. Kg1 Ng3+ 56. Kh2 Nf5 57. Qf8+ Kg5 58. Qd8+ Ne7 59. Qd4 h4 60. Qg4+ Kf6 61. Qd4+ Ke6 62. Qc4+ Kf5 63. Qf7+ Kg5 64. f4+ Kh6 65. Qf8+ Kh7 66. Qf7+ Kh8 67. Qf8+ Ng8 68. a6 Qg3+ 69. Kg1 Qd3 70. Qc8 Qd4+ 71. Kh1 Qxf4 72. a7 1/2-1/2

[Variant "Standard"]
[Site "Europe Echecs"]

[Event "Championnat du monde jeunes U10"]
[Date "2024.11.25"]
[White "Skouroupathis, Kyriakos"]
[Black "Kovacs, Balazs"]
[WhiteElo "1695"]
[BlackElo "1800"]
[Round "10.31"]
[Result "1-0"]
[TimeControl "5400+30"]

1. Nc3 d5 2. e4 d4 3.
Nce2 e5 4. Ng3 Be6 5. c3 c5 6. Nf3 Nc6 7. Bb5 f6 8. O-O Ne7 9. cxd4 cxd4 10. d3 Qb6 11. Bxc6+ bxc6 12. Qc2 Rb8 13. b3 Ng6 14. Nd2 Bb4 15. Nc4 Qc7 16. Ne2 O-O 17. f4 f5 18. exf5 Bxf5 19. fxe5 Bg4 20. Bb2 Bc5 21. Bxd4 Rxf1+ 22. Rxf1 Bxe2 23. Bxc5 Bxf1 24. Bd6 Qd7 25. Bxb8 Bxd3 26. Qf2 Bxc4 27. bxc4 Qd1+ 28. Qf1 Qd4+ 29. Kh1 Nf4 30. h3 Nd3 31. e6 Nf2+ 32. Kh2 Qh4 33. Bg3 Ng4+ 34. Kg1 Qe7 35. Qf7+ Qxf7 36. exf7+ Kxf7 37. hxg4 Kg6 38. Kf2 Kg5 39. Be5 g6 40. Kf3 a6 41. g3 a5 42. a4 Kh6 43. Bc7 c5 44. Bxa5 g5 45. Bd8 Kg6 46. a5 Kh6 47. Bxg5+ Kxg5 48. a6 Kg6 49. a7 Kh6 50. a8=Q Kg7 51. Qc6 Kf7 52. Kf4 Kg7 53. Kf5 h5 54. Qg6+ Kh8 55. Kf6 hxg4 56. Qg7# 1-0

[Variant "Standard"]
[Site "Europe Echecs"]

[Event "Championnat du monde jeunes U10"]
[Date "2024.11.25"]
[White "Guntaka, Aayansh"]
[Black "Tugsbilguun, Davganamdag"]
[WhiteElo "1798"]
[BlackElo "1660"]
[Round "10.32"]
[Result "0-1"]
[TimeControl "5400+30"]

1. e4 c5 2. Nf3 d6 3. d4 cxd4 4. Nxd4 Nf6 5. Nc3 a6 6. Rg1 b5 7. g4 Bb7 8. Bg2 e6 9. a3 Nfd7 10. g5 Nb6 11. h4 N8d7 12. h5 Qe7 13. g6 hxg6 14. hxg6 O-O-O 15. a4 bxa4 16. Nxa4 Nxa4 17. Rxa4 Nc5 18. Rc4 Kb8 19. b4 Nxe4 20. Bxe4 Bxe4 21. Qe2 Bb7 22.
Nc6+ Bxc6 23. Rxc6 Qb7 24. Rxa6 Rh1 25. Kf1 Be7 26. Be3 Rdh8 27. f3 R8h2 28. Bf2 Qxb4 29. Ra8+ Kc7 30. Qd3 Qb1+ 31. Be1 Qxe1+ 32. Kxe1 Rxg1+ 33. Qf1 Bh4+ 34. Kd1 Rxf1# 0-1

[Variant "Standard"]
[Site "Europe Echecs"]

[Event "Championnat du monde jeunes U10"]
[Date "2024.11.25"]
[White "Gomez Silva, Maximiliano"]
[Black "Neuschild, Marius"]
[WhiteElo "1643"]
[BlackElo "1786"]
[Round "10.33"]
[Result "1/2-1/2"]
[TimeControl "5400+30"]

1. d4 d5 2. Nf3 Nf6 3. g3 Bf5 4. Bg2 e6 5. O-O h6 6. c4 c6 7. Nc3 Be7 8. Qb3 Qb6 9. c5 Qxb3 10. axb3 O-O 11. Bf4 Nbd7 12. b4 Ne4 13. Nd2 Nxd2 14. Bxd2 a6 15. f3 Bg6 16. e4 Rfe8 17. Rfe1 Bf6 18. e5 Be7 19. Bf1 Reb8 20. Ra2 Rc8 21. Rea1 Rab8 22. Re1 Ra8
23. Rea1 Rab8 24. Re1 Rf8 1/2-1/2

[Variant "Standard"]
[Site "Europe Echecs"]

[Event "Championnat du monde jeunes U10"]
[Date "2024.11.25"]
[White "Rama, Federico"]
[Black "Liu, Liam"]
[WhiteElo "1564"]
[BlackElo "1783"]
[Round "10.34"]
[Result "0-1"]
[TimeControl "5400+30"]

1. Nf3 Nf6 2. b3 g6 3. Bb2 Bg7 4. e3 O-O 5. Be2 d5 6. O-O c5 7. d4 cxd4 8. exd4 Nc6 9. Nbd2 Bf5 10. a3 Rc8 11. c4 Qc7 12. Rc1 Rfd8 13. cxd5 Nxd5 14. b4 a6 15. Nc4 Nf4 16. Ne3 Qd7 17. Nxf5 Qxf5 18. Bc4 b5 19. Ba2 Nxd4 20. Rxc8 Nde2+ 21. Kh1 Rxc8 22. Bxg7 Kxg7 23. Qd2 Rc2 24. Nd4 Rxd2 25. Nxf5+ gxf5 26. Bb1 Nd3 27. h3 Rd1 28. Rxd1 Nxf2+ 29. Kh2 Nxd1 30. Bxf5 Nd4 31.
Bc8 Nc2 32. Bxa6 Nxa3 33. Kg3 Ne3 0-1

[Variant "Standard"]
[Site "Europe Echecs"]

[Event "Championnat du monde jeunes U10"]
[Date "2024.11.25"]
[White "Shrubok, Herman"]
[Black "Akramov, Khusan"]
[WhiteElo "1477"]
[BlackElo "1782"]
[Round "10.35"]
[Result "0-1"]
[TimeControl "5400+30"]

1. e4 c6 2. d4 d5 3. Nc3 dxe4 4. Nxe4 Nf6 5. Nxf6+ exf6 6. Be3 Bd6 7. Bd3 O-O 8. Ne2 Re8 9. O-O Nd7 10. Ng3 Nf8 11. c4 Be6 12. Qc2 Ng6 13. Rfd1 Rc8 14. Ne4 Bb8 15. Nc5 Qc7 16. g3 Bg4 17. Be2 Bxe2 18. Qxe2 f5 19. d5 cxd5 20. Rxd5 f4 21. gxf4 Nxf4 22. Bxf4 Qxf4 23. Qh5 Rc6 24. Rf5 Rg6+ 25. Kh1 Qc7 26. f4 b6 27. Nb3 Qxc4 28. Qf3 Qe6 29. Rg5 Rxg5 30. fxg5 Qe5 31. Qg2 a5 32. Rf1 a4 33. Nc1 Bd6 34. Nd3 Qe2 35. Qxe2 Rxe2 36. Rf2 Rxf2 37. Nxf2 Bf4 38. Ne4 Be5 39. b3 axb3 40. axb3 Kf8 41. Kg2 Ke7 42. h4 Ke6 43. Kf3 Kd5 44. Ke3 Kc6 45. Kd3 Kb5 46. Nd2 g6 47. Nf3 Bg7 48. Nd2 Kb4 49. Nc4 b5 50. Nd2 Bc3 51. Ne4 Be1 52. Nd6 Bxh4 53. Nxf7 Kxb3 54. Nd6 b4 55. Ne4 Ka2 56. Kc4 b3 57. Nc3+ Kb2 58. Nd1+ Kc1 59. Kd4 0-1

[Variant "Standard"]
[Site "Europe Echecs"]

[Event "Championnat du monde jeunes U10"]
[Date "2024.11.25"]
[White "Ten Dam, Bram"]
[Black "Lenkov, Stanislav"]
[WhiteElo "2012"]
[BlackElo "1693"]
[Round "10.36"]
[Result "1-0"]
[TimeControl "5400+30"]

1. e4 c5 2. Nf3 e6 3. d4 cxd4 4. Nxd4 Nf6 5. Nc3 Nc6 6. Ndb5 Bb4 7. a3 Bxc3+ 8. Nxc3 d5 9. exd5 exd5 10. Bd3 O-O 11. O-O Bg4 12. Be2 Bf5 13. Bg5 d4 14. Na2 Rc8 15. Nc1 Qd6 16. Nd3 Nd5 17. Re1 Qg6 18. Bh4 Be4 19. Bf3 Bxd3 20. cxd3 Nf4 21. Bg3 Qf6 22. Qd2 Nh3+ 23. Kh1 Ng5 24. Bd5 Rfd8 25. Ba2 Ne6 26. Re4 Re8 27. Rae1 h6 28. h3 Nc7 29. Rf4 Rxe1+ 30. Qxe1 Re8 31. Qd2 Qg5 32. h4 1-0

[Variant "Standard"]
[Site "Europe Echecs"]